 Dungeon Crawl Stone Soup version 0.31-a0-986-g5e6e4ef867 (webtiles) character file.

Game seed: 6398601479444520318

473 Dittersdorf the Shield-Bearer (level 7, -6/55 HPs)
             Began as a Human Fighter on Nov 7, 2023.
             Mangled by an ogre
             ... wielding a +0 giant club
              (13 damage)
             ... on level 4 of the Dungeon.
             The game lasted 00:04:55 (3756 turns).

Dittersdorf the Shield-Bearer (Human Fighter)       Turns: 3756, Time: 00:04:56

Health: -6/55      AC: 13    Str: 24    XL:     7   Next: 32%
Magic:  7/7        EV:  8    Int:  8    God:
Gold:   101        SH:  5    Dex: 13    Spells: 6/6 levels left

rFire   . . .        a - +0 long sword
rCold   + . .        c - +0 buckler
rNeg    . . .        q - +0 chain mail
rPois   .            (no helmet)
rElec   .            b - +1 cloak
rCorr   .            n - +0 pair of gloves
SInv    .            (no boots)
Will    .....        (no amulet) Stlth
                     i - ring of protection from cold
HPRegen 0.29/turn    p - +6 ring of strength
MPRegen 0.10/turn

%: no passive effects
@: no status effects
A: no striking features
a: no special abilities


You were on level 4 of the Dungeon.
You visited 2 branches of the dungeon, and saw 6 of its levels.

You collected 101 gold pieces.

Inventory:

Hand Weapons
 a - a +0 long sword (weapon)
Missiles
 k - 4 poisoned darts (quivered)
Armour
 b - a +1 cloak (worn)
 c - a +0 buckler (worn)
 l - a scarf of repulsion
 n - a +0 pair of gloves (worn)
 q - a +0 chain mail (worn)
 s - a +0 plate armour
Jewellery
 i - a ring of protection from cold (left hand)
 p - a +6 ring of strength (right hand)
Potions
 d - a potion of might
 e - a potion of enlightenment {unknown}
 h - 2 potions of lignification {unknown}
 j - 3 potions of curing {unknown}


   Skills:
 + Level 4.6 Fighting
 + Level 4.0 Long Blades
 + Level 4.6 Armour
 + Level 4.6 Shields


You had 6 spell levels left.
You didn't know any spells.
Your spell library contained the following spells:

 Spells                   Type           Power      Damage    Failure   Level
 Necrotise                Necr           0%         1d4       95%         1
 Static Discharge         Conj/Air       0%         3-3/arc   99%         2
 Vampiric Draining        Necr           0%         2d6       100%        3
 Airstrike                Air            0%         2d(0-16)  100%        4
 Summon Lightning Spire   Summ/Air       0%         N/A       100%        4
 Agony                    Necr           0%         N/A       100%        5


Dungeon Overview and Level Annotations

Branches:
Dungeon (5/15)             Temple (1/1) D:4

Altars:
Ashenzari
Cheibriados
Elyvilon
Fedhas
Kikubaaqudgha
Makhleb
Nemelex Xobeh
Ru
Sif Muna
Trog
Vehumet
Xom
Zin
The Shining One


Message History

The ogre is moderately wounded.
You hit the ogre.
The ogre is moderately wounded.
The ogre hits you with a +0 giant club!!
You are too injured to fight recklessly!
You are too injured to fight recklessly!
You are too injured to fight recklessly!
You are too injured to fight recklessly!
You are too injured to fight recklessly!
You are too injured to fight recklessly!
You are too injured to fight recklessly!
You are too injured to fight recklessly!
You are too injured to fight recklessly!
You are too injured to fight recklessly!
You are too injured to fight recklessly!
You are too injured to fight recklessly!
You are too injured to fight recklessly!
You are too injured to fight recklessly!
You are too injured to fight recklessly!
You are too injured to fight recklessly!
You are too injured to fight recklessly!
You are too injured to fight recklessly!
The ogre attacks as it pursues you! The ogre hits you with a +0 giant club!
* * * LOW HITPOINT WARNING * * *
There is a stone staircase leading up, spattered with blood here.
You block the ogre's attack.
You climb upwards.
There is a stone staircase leading down here.
You slash the ogre!
The ogre is heavily wounded.
You slash the ogre!
The ogre is almost dead.
The ogre closely misses you.
You completely miss the ogre.
The ogre is almost dead.
The ogre barely misses you.
You completely miss the ogre.
The ogre is almost dead.
The ogre hits you with a +0 giant club!
You die...

....†..###..###.#...##....####...
.⌠...⌠.# #....##.#.###.##### ##..
.......# ##.#####.##>......######
###)#### #.### #.###..###...[...
#..######...# #.###.## ########
##......###.###.##..# #
####...)##..##.....#####
#...[[)...###.......###
#...####..@.......#...#####
###......#O...###..^......#
#####)...#### ###........
#.......# #........
#.#.###.#####.......#
#....##.....##...####
###..######....###
##....#####....#
##..##...#...##.#


You could see an ogre.

Vanquished Creatures
  A phantom (D:4)
  A sleepcap (D:4)
  2 hounds (D:4)
  Crazy Yiuf (D:4)
  An iguana (D:4)
  Natasha (thrice) (D:4)
  2 orc wizards (D:4)
  5 adders
  A worm (D:2)
  3 dart slugs
  10 orcs (D:4)
  4 ball pythons
  6 endoplasms
  2 giant cockroaches (D:2)
  7 goblins
  2 hobgoblins (D:1)
  6 jackals (D:3)
  2 quokkas
  6 bats
  7 frilled lizards
  5 kobolds
  7 rats
84 creatures vanquished.

Notes
Turn   | Place    | Note
-------+----------+-------------------------------------------
     0 | D:1      | Dittersdorf the Human Fighter began the quest for the Orb.
     0 | D:1      | Reached XP level 1. HP: 18/18 MP: 1/1
   129 | D:1      | Reached XP level 2. HP: 15/24 MP: 2/2
   566 | D:1      | Reached XP level 3. HP: 29/29 MP: 3/3
  1042 | D:2      | Reached XP level 4. HP: 35/35 MP: 4/4
  1566 | D:2      | Found a faded altar of an unknown god.
  2051 | D:3      | Reached XP level 5. HP: 42/42 MP: 5/5
  2051 | D:3      | Found a shimmering altar of Xom.
  2132 | D:3      | Found a blossoming altar of Fedhas.
  2163 | D:3      | Found a sparkling altar of Nemelex Xobeh.
  2412 | D:4      | Noticed Natasha
  2423 | D:4      | Killed Natasha
  2453 | D:4      | Reached XP level 6. HP: 19/48 MP: 6/6
  2796 | D:4      | Found a staircase to the Ecumenical Temple.
  2803 | Temple   | Entered the Ecumenical Temple
  3099 | D:4      | Reached XP level 7. HP: 55/55 MP: 7/7
  3120 | D:4      | Found a white marble altar of Elyvilon.
  3161 | D:4      | Found a runed translucent door.
  3161 | D:4      | Noticed Natasha
  3162 | D:4      | Noticed Crazy Yiuf
  3252 | D:4      | Killed Crazy Yiuf
  3254 | D:4      | Killed Natasha
  3386 | D:4      | Found a staircase to the Ecumenical Temple.
  3537 | D:4      | Noticed Natasha
  3545 | D:4      | Killed Natasha
  3691 | D:4      | Found a white marble altar of Elyvilon.
  3739 | D:5      | Entered Level 5 of the Dungeon
  3756 | D:4      | Mangled by an ogre

Illustrated notes

Levels and vault maps discovered:
D:1:      ldierk_walled_garden_2, layout_rooms, nicolae_twisty_statue_hallways
D:2:      layout_basic, chequers_ecumenical_altar_simple_redux
D:3:      minmay_wonky_spiral, layout_basic,
          mainiacjoe_overflow_large_starburst,
          mainiacjoe_overflow_concentric_impassable,
          dreamdust_mushroom_princess, minmay_misc_feat_more_columns
D:4:      layout_rooms, marbit_many_paths, minmay_temple_entry_trees,
          minmay_fountain_box, uniq_crazy_yiuf_cottage, uniq_natasha
D:5:      layout_loops_cross, nicolae_half_adder
Temple:   eino_temple_lava

Skill      XL: |  1  2  3  4  5  6  7 |
---------------+----------------------+-----
Long Blades    | 3 4 |  4.0
Fighting       | 4 |  4.6
Armour         | 4 |  4.6
Shields        | 4 |  4.6

Action                     |  1- 3 |  4- 6 |  7- 9 || total
---------------------------+-------+-------+-------++-------
  Melee: Long sword        |    93 |   208 |    22 ||   323
  Throw: Dart              |       |       |     4 ||     4
  Evoke: Wand              |       |    11 |       ||    11
    Use: Scroll            |       |     4 |       ||     4
 Armour: Scale mail        |    79 |    43 |       ||   122
         Chain mail        |       |   152 |    13 ||   165
  Dodge: Dodged            |    43 |   117 |    10 ||   170
         Repelled          |     1 |     1 |       ||     2
  Block: Buckler           |    22 |    53 |     4 ||    79

Table legend: (Time is in decaauts)
 A = Elapsed time spent in this place.
 B = Non-inter-level travel time spent in this place.
 C = Inter-level travel time spent in this place.
 D = Time resting spent in this place.
 E = Time spent auto-exploring this place.
 F = Levels seen in this place.
 G = Mean time per level.
                   A        B        C        D        E       F      G
               +--------+--------+--------+--------+--------+-----+--------+
         Total |   3857 |   3673 |    184 |    390 |   2458 |   6 |  642.8 |
       Dungeon |   3854 |   3670 |    184 |    390 |   2458 |   5 |  770.8 |
        Temple |      2 |      2 |      0 |      0 |      0 |   1 |    2.0 |
               +--------+--------+--------+--------+--------+-----+--------+

Top non-repeatable levels by time:
     D:4: 1382 daAuts
     D:2: 1087 daAuts
     D:1: 688 daAuts
     D:3: 682 daAuts
     D:5: 14 daAuts
  Temple: 2 daAuts
